 Dungeon Crawl Stone Soup version 0.31-a0-369-g8eba5f6939 (webtiles) character file.

Game seed: 5264490514888051782

2737 drugrobin the Cleaver (level 9, -3/68 HPs)
             Began as a Demigod Delver on July 28, 2023.
             Slain by Joseph the unseen horror (4 damage)
             ... on level 7 of the Dungeon.
             The game lasted 00:19:58 (7229 turns).

drugrobin the Cleaver (Demigod Delver)              Turns: 7229, Time: 00:19:58

Health: -3/68      AC: 16    Str: 25    XL:     9   Next: 17%
Magic:  11/11      EV:  9    Int: 12    God:
Gold:   399        SH:  0    Dex: 21    Spells: 8/8 levels left

rFire   . . .        a - +0 war axe
rCold   . . .        (no shield)
rNeg    . . .        M - +0 chain mail
rPois   .            H - +0 helmet
rElec   .            O - +0 cloak
rCorr   .            T - +0 pair of gloves
SInv    .            m - +0 pair of boots
Will    .....        (no amulet) Stlth
                     j - +4 ring of protection
HPRegen 0.31/turn    k - +6 ring of dexterity
MPRegen 0.12/turn

%: no passive effects
@: studying Axes
A: high MP 1, forlorn, divine attributes
a: no special abilities


You were on level 7 of the Dungeon.
You visited 1 branch of the dungeon, and saw 7 of its levels.

You collected 399 gold pieces.

Inventory:

Hand Weapons
 a - a +0 war axe (weapon)
 b - a +1 short sword of venom
 c - a +0 orcbow
 d - a +0 hand axe
 N - a +3 quarterstaff of chaos
Missiles
 r - 10 poisoned darts
Armour
 f - a +0 scale mail
 m - a +0 pair of boots (worn)
 E - a +0 leather armour
 H - a +0 helmet (worn)
 M - a +0 chain mail (worn)
 O - a +0 cloak (worn)
 T - a +0 pair of gloves (worn)
Magical Staves
 C - a staff of air
Jewellery
 j - a +4 ring of protection (left hand)
 k - a +6 ring of dexterity (right hand)
 y - a ring of flight
 D - a ring of wizardry
 I - a +6 ring of intelligence
Wands
 g - a wand of digging (9)
 R - a wand of polymorph (3)
Scrolls
 e - 4 scrolls of fear
 h - 5 scrolls of blinking {unknown}
 n - 4 scrolls of noise {unknown}
 o - 2 scrolls of amnesia {unknown}
 p - 7 scrolls of teleportation {unknown}
 s - 2 scrolls of immolation {unknown}
 u - 2 scrolls of butterflies {unknown}
 v - a scroll of enchant armour {unknown}
 A - 2 scrolls of enchant weapon {unknown}
 F - 3 scrolls of fog
 J - 6 scrolls of identify {unknown}
 K - a scroll of torment {unknown}
 L - a scroll of poison {unknown}
 Q - a scroll of revelation
Potions
 i - 3 potions of degeneration {unknown}
 q - a potion of lignification {unknown}
 t - 3 potions of brilliance {unknown}
 w - 4 potions of curing
 x - a potion of enlightenment {unknown}
 z - 2 potions of might {unknown}
 B - 3 potions of heal wounds {unknown}
 G - 2 potions of cancellation {unknown}
 P - a potion of berserk rage {unknown}
 S - a potion of ambrosia {unknown}


   Skills:
 - Level 2.6 Fighting
 + Level 12.6 Axes
 - Level 1.7 Dodging
 - Level 4.5 Stealth


You had 8 spell levels left.
You didn't know any spells.
Your spell library contained the following spells:

 Spells                   Type           Power      Damage    Failure   Level
 Freeze                   Ice            0%         1d3       90%         1
 Magic Dart               Conj           0%         1d3       90%         1
 Ensorcelled Hibernation  Hex/Ice        0%         N/A       97%         2
 Passwall                 Tmut/Erth      0%         N/A       97%         2
 Searing Ray              Conj           0%         2d4       97%         2
 Frozen Ramparts          Ice            0%         1d1       99%         3
 Gell's Gravitas          Tloc           0%         N/A       99%         3
 Hailstorm                Conj/Ice       0%         3d3       99%         3
 Swiftness                Air            0%         N/A       99%         3
 Teleport Other           Tloc           0%         N/A       99%         3
 Fulminant Prism          Conj/Hex       0%         3d5       100%        4
 Dispersal                Tloc           0%         N/A       100%        6


Dungeon Overview and Level Annotations

Branches:
Dungeon (7/15)             Temple (0/1) D:5

Shops:
D:3 (   D:6 :

Annotations:
D:7 Joseph


Innate Abilities, Weirdness & Mutations

You have an increased reservoir of magic. (+10% MP)
You shall have no god before yourself.
Your divine heritage dramatically boosts your attributes as you level up.


Message History

You miss something. Something hits you but does no damage. Something hits you.
* * * LOW HITPOINT WARNING * * *
Something hits you.
* * * LOW HITPOINT WARNING * * *
Unknown command.
Okay, then.
Unknown command.
Aiming: Charm
Press: ? - help, Shift-Dir - straight line Nothing appears to happen.
The now-empty wand crumbles to dust.
Something hits you but does no damage.
Unknown command.
It was a potion of curing.
You feel better. Something hits you but does no damage.
Unknown command.
Unknown command.
Your +1 short sword of venom stops dripping with poison.
a - a +0 war axe (weapon)
Okay, then.
Throw: 10 darts (poison)
Press: ? - help, Shift-Dir - straight line, f - you Really target yourself?
Okay, then.
Unknown command.
Okay, then.
You feel better.
Unknown command.
You slash something! Something hits you. Something hits you.
* * * LOW HITPOINT WARNING * * *
Something hits you.
* * * LOW HITPOINT WARNING * * *
You slash something! Something hits you!
* * * LOW HITPOINT WARNING * * *
You barely miss something. Something completely misses you.
Something hits you but does no damage.
You closely miss something. Something hits you!
* * * LOW HITPOINT WARNING * * *
Something hits you.
You die...

#.##..#
#.#...#
#.#.#.#
#.....#
###.### #.#
#.#
###########.#
#........@..#
#)###########
$. ##


There were no monsters in sight!

Vanquished Creatures
  Pikel (D:4)
  An unseen horror (D:6)
  Sigmund (D:6)
  An ice beast (D:6)
  A black bear (D:6)
  2 ogres (D:6)
  A centaur (D:5)
  2 phantoms
  2 bullfrogs
  3 scorpions
  2 howler monkeys
  3 jellies
  3 hounds
  2 orc priests (D:7)
  Crazy Yiuf (D:3)
  3 iguanas
  A sleepcap (D:4)
  2 orc wizards
  Robin (D:3)
  7 adders
  4 gnolls
  A shadow imp (D:5)
  2 white imps
  A worm (D:3)
  2 dart slugs
  25 orcs
  12 endoplasms
  5 giant cockroaches
  15 goblins
  6 hobgoblins
  6 jackals (D:1)
  4 quokkas
  8 ball pythons
  10 bats
  9 frilled lizards
  15 kobolds
  8 rats
173 creatures vanquished.

Vanquished Creatures (collateral kills)
  Menkaure (D:6)
  An ice beast (D:6)
  An orc wizard (D:6)
  3 orcs (D:6)
6 creatures vanquished.

Vanquished Creatures (others)
  An orc (D:6)
1 creature vanquished.

Grand Total: 180 creatures vanquished

Notes
Turn   | Place    | Note
-------+----------+-------------------------------------------
     0 | D:5      | drugrobin the Demigod Delver began the quest for the Orb.
     0 | D:5      | Reached XP level 1. HP: 18/18 MP: 3/3
    90 | D:5      | Noticed a phantom
   290 | D:6      | Noticed an ogre
   290 | D:6      | Noticed Sigmund
   301 | D:6      | Noticed a hound
   322 | D:5      | Noticed a scorpion
   430 | D:4      | Reached skill level 2 in Axes
   529 | D:3      | Found Bosauk Wolyu's Weapon Boutique.
   595 | D:3      | Found a runed translucent door.
   596 | D:3      | Noticed Crazy Yiuf
   678 | D:2      | Reached XP level 2. HP: 23/25 MP: 4/4
   738 | D:2      | Reached skill level 3 in Axes
  1089 | D:2      | Reached XP level 3. HP: 24/30 MP: 5/5
  2071 | D:2      | Reached skill level 4 in Axes
  2326 | D:2      | Reached XP level 4. HP: 37/37 MP: 6/6
  2689 | D:3      | Noticed Robin
  3017 | D:3      | Killed Robin
  3311 | D:3      | Reached skill level 5 in Axes
  3311 | D:3      | Reached XP level 5. HP: 22/42 MP: 7/7
  3431 | D:4      | Noticed Pikel
  3444 | D:4      | Killed Pikel
  3445 | D:4      | Reached skill level 7 in Axes
  3445 | D:4      | Reached XP level 6. HP: 47/50 MP: 8/8
  3696 | D:4      | Reached XP level 7. HP: 55/56 MP: 9/9
  3870 | D:4      | Reached skill level 8 in Axes
  4338 | D:3      | Killed Crazy Yiuf
  4845 | D:5      | Reached skill level 9 in Axes
  5099 | D:5      | Found a staircase to the Ecumenical Temple.
  5209 | D:5      | Reached XP level 8. HP: 62/62 MP: 10/10
  5687 | D:6      | Noticed Menkaure
  5742 | D:6      | Killed Menkaure
  5821 | D:6      | Reached skill level 10 in Axes
  5867 | D:6      | Killed Sigmund
  5971 | D:6      | Found Suixzin's Book Emporium.
  6096 | D:6      | Reached skill level 11 in Axes
  6268 | D:6      | Killed an unseen horror
  6269 | D:6      | Reached XP level 9. HP: 33/68 MP: 11/11
  6490 | D:6      | Reached skill level 12 in Axes
  7187 | D:7      | Noticed Joseph
  7188 | D:7      | Joseph changed into something unseen
  7229 | D:7      | HP: 1/68 [something (7)]
  7229 | D:7      | Slain by Joseph the unseen horror

Illustrated notes

Levels and vault maps discovered:
D:1:      shiori_arrival_elements, layout_loops_ring
D:2:      kb_forest_paths, layout_basic, dreamdust_ecumenical_altar_statues,
          amcnicky_mini_corridor_feature, nrook_loot_triangle,
          kennysheep_generic_room_2
D:3:      layout_basic, kennysheep_ying_yang, nicolae_overflow_squiral,
          serial_shops, nicolae_shop_window_shopping, uniq_crazy_yiuf_cottage,
          uniq_robin
D:4:      cheibrodos_fertilizer, layout_loops_ring,
          mainiacjoe_overflow_two_lobes, minmay_misc_feat_encased, uniq_pikel
D:5:      nicolae_cairo_tiling, layout_basic, minmay_temple_entry_glassed_door,
          grunt_decor_mini_mirrors
D:6:      layout_rooms, serial_shops, nicolae_shop_behind_doors,
          minmay_manual_monolith, uniq_menkaure, uniq_sigmund
D:7:      layout_loops_ring, uniq_joseph

Skill      XL: |  1  2  3  4  5  6  7  8  9 |
---------------+----------------------------+-----
Axes           | 2 3 4 5 7 9 11 12 | 12.6
Fighting       | |  2.6
Dodging        | |  1.7
Stealth        | |  4.5

Action                     |  1- 3 |  4- 6 |  7- 9 || total
---------------------------+-------+-------+-------++-------
  Melee: Hand axe          |   179 |   130 |    84 ||   393
         Punch             |     2 |       |     5 ||     7
         Short sword       |       |    30 |   120 ||   150
         War axe           |       |       |   114 ||   114
   Fire: Orcbow            |       |       |     2 ||     2
  Throw: Dart              |       |     1 |    16 ||    17
  Evoke: Wand              |       |       |     8 ||     8
    Use: Potion            |     1 |       |     2 ||     3
         Scroll            |     1 |       |       ||     1
   Stab: Sleeping          |    11 |       |     2 ||    13
 Armour: Leather armour    |    66 |       |       ||    66
         Scale mail        |    33 |    80 |    25 ||   138
         Chain mail        |       |       |   173 ||   173
  Dodge: Dodged            |   128 |    99 |   121 ||   348

Table legend: (Time is in decaauts)
 A = Elapsed time spent in this place.
 B = Non-inter-level travel time spent in this place.
 C = Inter-level travel time spent in this place.
 D = Time resting spent in this place.
 E = Time spent auto-exploring this place.
 F = Levels seen in this place.
 G = Mean time per level.
                   A        B        C        D        E       F      G
               +--------+--------+--------+--------+--------+-----+--------+
         Total |   7213 |   6757 |    456 |    296 |   4169 |   7 | 1030.4 |
       Dungeon |   7213 |   6757 |    456 |    296 |   4169 |   7 | 1030.4 |
               +--------+--------+--------+--------+--------+-----+--------+

Top non-repeatable levels by time:
     D:4: 1534 daAuts
     D:3: 1134 daAuts
     D:2: 1129 daAuts
     D:5: 1060 daAuts
     D:6: 986 daAuts
     D:1: 872 daAuts
     D:7: 496 daAuts
